 Dungeon Crawl Stone Soup version 0.27.1 (webtiles) character file.

Game seed: 1775924827324772395

535 ZARRMARR the Ruffian (level 7, -3/53 HPs)
             Began as a Green Draconian Transmuter on Aug 24, 2021.
             Slain by a kobold brigand (8 damage)
             ... in a sewer.
             The game lasted 00:28:15 (6366 turns).

ZARRMARR the Ruffian (Green Draconian Transmuter)   Turns: 6366, Time: 00:28:16

Health: -3/53      AC:  6    Str: 13    XL:     7   Next: 4%
Magic:  12/12      EV: 12    Int: 15    God:
Gold:   177        SH:  0    Dex: 11    Spells: 12/13 levels left

rFire    . . .     SeeInvis .     - Unarmed
rCold    . . .     Faith    .   (no shield)
rNeg     . . .     Spirit   .   (armour unavailable)
rPois    +         Reflect  .   (helmet currently unavailable)
rElec    .         Harm     .   (no cloak)
rCorr    .         Rampage  .   (no gloves)
Will     .....                  (boots currently unavailable)
Stlth    +.........             (no amulet)
HPRegen  0.17/turn              (no ring)
MPRegen  0.13/turn              (no ring)

@: mighty, appendages (expiring)
A: horns 2, talons 2, breathe noxious fumes, AC +6, unfitting armour, poison
resistance, cold-blooded
a: Breathe Noxious Fumes, End Transformation


You were in a sewer.
You had temporarily grown beastly horns and talons.
You visited 1 branch of the dungeon, and saw 5 of its levels.
You also visited: Sewer.

You collected 177 gold pieces.

Inventory:

Jewellery
 l - a ring of poison resistance
Scrolls
 a - 5 scrolls of teleportation
 d - a scroll of enchant weapon
 h - a scroll of amnesia
 k - a scroll of fog {unknown}
Potions
 b - a potion of might
 c - 2 potions of ambrosia {unknown}
 g - a potion of resistance {unknown}
 i - 2 potions of curing {unknown}
 j - 2 potions of magic {unknown}
 m - a potion of heal wounds {unknown}


   Skills:
 + Level 1.8 Fighting
 - Level 2.3 Throwing
 + Level 3.0 Dodging
 + Level 4.9 Unarmed Combat
 + Level 3.6 Spellcasting
 + Level 3.5 Transmutations


You had 12 spell levels left.
You knew the following spells:

 Your Spells              Type           Power      Damage    Failure   Level
a - Beastly Appendage     Tmut           26%        N/A       4%          1

Your spell library contained the following spells:

 Spells                   Type           Power      Damage    Failure   Level
 Wereblood                Tmut           13%        N/A       7%          2
 Magic Dart               Conj           8%         1d3       19%         1
 Spider Form              Tmut/Pois      4%         N/A       26%         3
 Corpse Rot               Necr/Air       N/A        N/A       28%         2
 Searing Ray              Conj           4%         3d3       28%         2
 Ice Form                 Ice/Tmut       8%         N/A       65%         4
 Dispel Undead            Necr           2%         3d7       88%         4
 Fulminant Prism          Conj/Hex       1%         3d6       88%         4
 Death Channel            Necr           1%         N/A       100%        6


Dungeon Overview and Level Annotations

Branches:
Dungeon (5/15)              Sewer (1/1)
 Temple: D:4-7

Altars:

Shops:
D:3 *

Annotations:
D:4 Edmund


Innate Abilities, Weirdness & Mutations

You have temporarily grown beastly horns and talons.
You can breathe blasts of noxious fumes.
Your lurid green scales are hard. (AC +6)
You cannot fit into any form of body armour.
Your system is resistant to poisons. (rPois)
You are cold-blooded and may be slowed by cold attacks.


Message History

You hit the kobold brigand but do no damage.
Your kick misses the kobold brigand.
The kobold brigand is lightly wounded.
The kobold brigand hits you with a +0 dagger.
You hit the kobold brigand. Your kick misses the kobold brigand.
The kobold brigand is moderately wounded.
The kobold brigand completely misses you.
You hit the kobold brigand. Your kick misses the kobold brigand.
The kobold brigand is heavily wounded.
The kobold brigand hits you but does no damage.
You hit the kobold brigand.
The kobold brigand is heavily wounded.
The kobold brigand hits you with a +0 dagger.
You hit the kobold brigand but do no damage.
Your headbutt misses the kobold brigand.
You punch the kobold brigand.
The kobold brigand is severely wounded.
The kobold brigand hits you with a +0 dagger.
* * * LOW HITPOINT WARNING * * *
You closely miss the kobold brigand.
You tail-slap the kobold brigand, but do no damage.
The kobold brigand is severely wounded.
The kobold brigand barely misses you.
You barely miss the kobold brigand. You claw the kobold brigand.
Your headbutt misses the kobold brigand.
You tail-slap the kobold brigand.
The kobold brigand is severely wounded.
You miss the kobold brigand. Your kick misses the kobold brigand.
The kobold brigand is severely wounded.
The kobold brigand hits you with a +0 dagger.
* * * LOW HITPOINT WARNING * * *
It was a potion of might.
You feel very mighty all of a sudden.
Your transformation is almost over.
The kobold brigand hits you with a +0 dagger.
* * * LOW HITPOINT WARNING * * *
You closely miss the kobold brigand.
Your tail-slap misses the kobold brigand.
The kobold brigand is severely wounded.
The kobold brigand hits you with a +0 dagger!
You die...

≈≈≈≈≈≈≈.....≈≈≈≈≈≈≈≈≈≈≈≈≈≈≈
≈≈≈≈≈≈........≈≈≈≈≈≈≈≈≈≈≈≈≈
..................≈≈≈≈≈≈≈≈≈
................K..........
#...........†.............
##.......##.†.............
#...##..#####......###..##
∩..# ##..######...## ####
## ##K@∩# ##### #####


You could see a kobold brigand.

Vanquished Creatures
  An ogre (D:4)
  2 scorpions
  A hound (D:4)
  An iguana (D:3)
  9 adders
  7 gnolls
  2 river rats
  An ufetubus (D:4)
  An adder skeleton (D:4)
  4 worms
  A dart slug (D:2)
  8 endoplasms
  4 giant cockroaches (D:3)
  6 goblins
  11 hobgoblins
  4 jackals (D:3)
  4 quokkas
  9 ball pythons
  10 bats
  3 frilled lizards
  7 kobolds
  A quokka skeleton (D:4)
  10 rats
107 creatures vanquished.

Vanquished Creatures (others)
  A plant (D:3)
1 creature vanquished.

Grand Total: 108 creatures vanquished

Notes
Turn   | Place    | Note
-------+----------+-------------------------------------------
     0 | D:1      | ZARRMARR the Draconian Transmuter began the quest for the
                  | Orb.
     0 | D:1      | Reached XP level 1. HP: 16/16 MP: 3/3
   436 | D:1      | Reached XP level 2. HP: 22/23 MP: 5/5
   778 | D:1      | Reached XP level 3. HP: 9/28 MP: 4/6
  1180 | D:1      | Reached skill level 1 in Throwing
  1950 | D:2      | Reached XP level 4. HP: 20/35 MP: 8/8
  2669 | D:3      | Noticed a scorpion
  2673 | D:3      | Killed a scorpion
  2674 | D:3      | Reached XP level 5. HP: 37/40 MP: 7/9
  3309 | D:3      | Reached skill level 4 in Unarmed Combat
  3672 | D:3      | Found Ziqeinabb's General Store.
  3924 | D:3      | Found a faded altar of an unknown god.
  4776 | D:4      | Reached XP level 6. HP: 32/47 MP: 8/10
  5590 | D:4      | Noticed Edmund
  5846 | D:5      | Entered Level 5 of the Dungeon
  6156 | D:5      | Found a glowing drain.
  6191 | Sewer    | Entered a sewer
  6234 | Sewer    | Your scales start taking on a lurid green colour.
  6234 | Sewer    | Reached XP level 7. HP: 51/53 MP: 12/12
  6234 | Sewer    | Gained mutation: Your system is resistant to poisons.
                  | (rPois) [Green Draconian growth]
  6366 | Sewer    | Slain by a kobold brigand

Illustrated notes

Levels and vault maps discovered:
D:1:      lemuel_arrival_lava_pool, layout_basic, grunt_decor_resistance,
          minmay_pentomino_t4
D:2:      layout_loops_ring, grunt_ministairs_4, minmay_randomly_rotated_circles
D:3:      layout_basic, serial_shops, nicolae_square_shop,
          ebering_ecumenical_altar_webs, serial_bayou_pond_b, minmay_box_of_dots
D:4:      layout_rooms, uniq_edmund
D:5:      layout_basic, cheibrodos_sewer_entry_sluice, minmay_misc_feat_tower,
          uniq_prince_ribbit1, uniq_sigmund
Sewer:    sewer_minmay_treatment

Skill      XL: |  1  2  3  4  5  6 |
---------------+-------------------+-----
Dodging        | 2 3 |  3.0
Throwing       | 1 2 |  2.3
Spellcasting   | 3 |  3.6
Unarmed Combat | 4 |  4.9
Transmutations | 3 |  3.5
Fighting       | |  1.8

Action                   |  1- 3 |  4- 6 |  7- 9 || total
-------------------------+-------+-------+-------++-------
Melee: Unarmed           |    87 |   216 |    31 ||   334
       Kick              |    17 |    42 |     5 ||    64
       Headbutt          |     8 |    28 |     1 ||    37
       Tailslap          |     3 |    16 |     3 ||    22
       Punch             |       |     3 |     2 ||     5
Throw: Dart              |    47 |    34 |       ||    81
 Cast: Beastly Appendage |    21 |    32 |     3 ||    56
 Abil: Breathe Noxious F |       |       |     1 ||     1
  Use: Scroll            |     2 |     6 |     1 ||     9
       Potion            |       |       |     1 ||     1
Armor: Skin              |    32 |    68 |     7 ||   107
Dodge: Dodged            |    68 |   155 |    24 ||   247
